[Event "Team 45 45 League T92"]
[Site "Internet Chess Club"]
[Date "2022.05.06"]
[Round "4"]
[White "fhunfi"]
[Black "elmaestro"]
[Result "0-1"]
[WhiteElo "1725"]
[BlackElo "1688"]
[Opening "Vienna: Falkbeer variation"]
[ECO "C26"]
[Time "18:02:05"]
[PlyCount "58"]
[TimeControl "2700+45"]

1. e4 e5 2. Nc3 Nf6 3. d4 exd4 4. Qxd4 Nc6 5. Qd3 Bb4 6. Bd2 Qe7 7. O-O-O O-O 8.
Re1 d6 9. f4 Re8 10. Qg3 Be6 11. Kb1 a6 12. f5 Bxc3 13. Bxc3 Bd7 14. Bd3 b5 15.
Nh3 b4 16. Bd2 Nh5 17. Qf3 Nf6 18. Nf4 Ne5 19. Qf1 c5 20. Nd5 Nxd5 21. exd5 Bb5
22. f6 gxf6 23. Bxh7+ Kxh7 24. Qf5+ Kg7 25. Re3 Qd7 26. Rg3+ Ng6 27. Bh6+ Kxh6
28. Qxf6 Re5 29. Rf1 Bxf1 {White resigns} 0-1

[Event "Team 45 45 League T92"]
[Site "Internet Chess Club"]
[Date "2022.05.06"]
[Round "4"]
[White "burlap"]
[Black "fireball"]
[Result "1/2-1/2"]
[WhiteElo "1406"]
[BlackElo "1536"]
[Opening "Queen's pawn, Mason variation"]
[ECO "D00"]
[Time "15:30:36"]
[PlyCount "89"]
[TimeControl "2700+45"]

1. d4 d5 2. Bf4 Bf5 3. e3 c5 4. c3 e6 5. Nf3 Nc6 6. Bd3 Bg6 7. O-O c4 8. Be2 f6
9. Nbd2 Bd6 10. Bxd6 Qxd6 11. Re1 Nge7 12. b3 b5 13. bxc4 bxc4 14. e4 Bxe4 15.
Nxe4 dxe4 16. Nd2 f5 17. Nxc4 Qd5 18. Ne3 Qd6 19. Nc4 Qc7 20. f3 e3 21. Nxe3 O-O
22. Rb1 Kh8 23. c4 Rad8 24. d5 exd5 25. Nxd5 Nxd5 26. cxd5 Ne7 27. Qb3 Qc5+ 28.
Kh1 Nxd5 29. Bc4 Nb6 30. Bd3 Qd4 31. Rbd1 Qf6 32. Re6 Qf7 33. Rde1 Rfe8 34.
Rxe8+ Rxe8 35. Rxe8+ Qxe8 36. Kg1 Qe1+ 37. Bf1 f4 38. Qf7 Qe3+ 39. Kh1 h6 40.
Qxa7 Qf2 41. Qb8+ Kh7 42. Bd3+ g6 43. h3 Qe1+ 44. Kh2 Qg3+ 45. Kg1 {Game drawn
by mutual agreement} 1/2-1/2

[Event "Team 45 45 League T92"]
[Site "Internet Chess Club"]
[Date "2022.05.08"]
[Round "4"]
[White "ChessG2011"]
[Black "AlWynJones"]
[Result "1/2-1/2"]
[WhiteElo "1443"]
[BlackElo "1389"]
[Opening "Sicilian: dragon, classical, Richter variation"]
[ECO "B73"]
[Time "15:00:35"]
[PlyCount "152"]
[TimeControl "2700+45"]

1. e4 c5 2. Nf3 d6 3. d4 cxd4 4. Nxd4 Nf6 5. Nc3 g6 6. Be2 Nc6 7. Be3 Bg7 8. O-O
O-O 9. Qd2 Ng4 10. Bxg4 Bxg4 11. f3 Bd7 12. Rad1 Nxd4 13. Bxd4 Bc6 14. Bxg7 Kxg7
15. Qd4+ f6 16. Nd5 Bxd5 17. exd5 Qb6 18. Qxb6 axb6 19. a3 Rfc8 20. Rd2 Ra5 21.
Rfd1 f5 22. Kf2 Kf6 23. f4 h6 24. g3 g5 25. Kf3 gxf4 26. gxf4 Rc4 27. c3 Raa4
28. Rd4 e5 29. fxe5+ dxe5 30. Rxc4 Rxc4 31. d6 Rc8 32. d7 Rd8 33. Rd6+ Ke7 34.
Rxh6 Rxd7 35. Rxb6 Rd3+ 36. Kg2 e4 37. Rxb7+ Ke6 38. Rb6+ Kd7 39. Rf6 Rf3 40.
Rg6 Rd3 41. Rg5 f4 42. Kf2 Rd2+ 43. Ke1 Rxb2 44. Rg4 Rxh2 45. Rxf4 Ra2 46. Rxe4
Rxa3 47. Kd2 Kc6 48. Re5 Ra1 49. Kd3 Rh1 50. Re4 Rh6 51. Kc4 Rg6 52. Rf4 Rh6 53.
Kb4 Rh1 54. Rf6+ Kc7 55. Kc5 Rh5+ 56. Kc4 Rh4+ 57. Kb5 Rh5+ 58. Kb4 Rh4+ 59. c4
Rh1 60. Rf5 Rh6 61. Kc5 Rc6+ 62. Kd5 Rd6+ 63. Ke5 Rc6 64. Rf7+ Kc8 65. Kd5 Rh6
66. Kc5 Rh5+ 67. Kb6 Rh6+ 68. Kb5 Rh5+ 69. c5 Rh6 70. c6 Rh1 71. Kc5 Rc1+ 72.
Kd6 Rd1+ 73. Ke7 Kc7 74. Rf6 Rc1 75. Rd6 Rxc6 76. Rxc6+ Kxc6 {Game drawn because
neither player has mating material} 1/2-1/2

[Event "Team 45 45 League T92"]
[Site "Internet Chess Club"]
[Date "2022.05.07"]
[Round "4"]
[White "jcule"]
[Black "smsxman"]
[Result "1-0"]
[WhiteElo "1424"]
[BlackElo "1328"]
[Opening "Queen's pawn game"]
[ECO "D02"]
[Time "05:00:08"]
[PlyCount "45"]
[TimeControl "2700+45"]

1. d4 d5 2. Nf3 g6 3. Bg5 Bg7 4. e3 Bg4 5. h3 Bf5 6. c4 c6 7. Bd3 Qa5+ 8. Nc3
dxc4 9. Bxc4 Nf6 10. O-O Ne4 11. Nxe4 Bxe4 12. Nd2 Bxg2 13. Kxg2 Qxg5+ 14. Kh2
Nd7 15. Qb3 O-O-O 16. Bxf7 Nb6 17. Be6+ Nd7 18. Rac1 Bxd4 19. Nf3 Be5+ 20. Kh1
Qf6 21. Nxe5 Kc7 22. Nxd7 Qe5 23. Nxe5 {Black resigns} 1-0

[Event "Team 45 45 League T92"]
[Site "Internet Chess Club"]
[Date "2022.05.09"]
[Round "4"]
[White "Rookmaster"]
[Black "scostanzo212"]
[Result "1/2-1/2"]
[WhiteElo "1503"]
[BlackElo "1585"]
[Opening "Sicilian, Chekhover variation"]
[ECO "B53"]
[Time "20:00:54"]
[PlyCount "104"]
[TimeControl "2700+45"]

1. e4 c5 2. Nf3 d6 3. d4 cxd4 4. Qxd4 Nc6 5. Bb5 Bd7 6. Bxc6 Bxc6 7. Nc3 Nf6 8.
Bg5 Nd7 9. O-O-O Qb6 10. Rhe1 Qxd4 11. Nxd4 g6 12. Nxc6 bxc6 13. Bd2 Bg7 14. f4
O-O 15. g4 a6 16. g5 Rab8 17. Na4 Nb6 18. Nxb6 Rxb6 19. b3 d5 20. exd5 cxd5 21.
Rxe7 d4 22. Rde1 Rc6 23. Kd1 h6 24. Rd7 hxg5 25. fxg5 Re6 26. Rxe6 fxe6 27. Rd6
e5 28. Rxg6 e4 29. Ke2 Rc8 30. Rxa6 Rxc2 31. Kd1 Rc8 32. g6 e3 33. b4 exd2 34.
Kxd2 Bh6+ 35. Kd3 Be3 36. Ra3 Kg7 37. b5 Kxg6 38. b6 Bc1 39. b7 Rb8 40. Rb3 Bf4
41. Kxd4 Bxh2 42. Kd5 Kf7 43. Kc6 Ke6 44. Re3+ Kf5 45. Re7 Rg8 46. a4 Rg1 47.
Re2 Rc1+ 48. Kb5 Rb1+ 49. Kc6 Rc1+ 50. Kd5 Rd1+ 51. Kc4 Rc1+ 52. Kb5 Rb1+ {Game
drawn by mutual agreement} 1/2-1/2

[Event "Team 45 45 League T92"]
[Site "Internet Chess Club"]
[Date "2022.05.08"]
[Round "4"]
[White "Signofthetimes"]
[Black "Gojira"]
[Result "1/2-1/2"]
[WhiteElo "1486"]
[BlackElo "1538"]
[Opening "Sicilian: Hungarian variation"]
[ECO "B27"]
[Time "08:01:22"]
[PlyCount "152"]
[TimeControl "2700+45"]

1. e4 c5 2. Nf3 g6 3. Bc4 Bg7 4. Nc3 Nc6 5. O-O e6 6. a3 d6 7. d3 Nge7 8. Bg5
O-O 9. Qd2 Ne5 10. Nxe5 Bxe5 11. Bf4 Bxf4 12. Qxf4 a6 13. Rad1 b5 14. Bb3 Bb7
15. a4 b4 16. Ne2 d5 17. Ng3 f6 18. Rfe1 Kg7 19. Qg4 Qd6 20. Rd2 Rac8 21. Rde2
c4 22. Ba2 e5 23. Rd1 cxd3 24. Rxd3 d4 25. h4 Bc6 26. Bb3 Bd7 27. Qf3 h5 28.
Nxh5+ gxh5 29. Qxh5 Be8 30. Rg3+ Ng6 31. Qg4 Rc6 32. h5 Qd7 33. Qf5 Kh6 34.
Rxg6+ Kh7 35. Qxd7+ Bxd7 36. f3 Be8 37. Rg3 Kh6 38. Rh3 Bd7 39. g4 Rd8 40. Bd5
Rc5 41. Rhh2 Bxa4 42. Rhf2 Rdc8 43. b3 Bb5 44. Rd2 Rc3 45. Kh2 Kg5 46. Kg3 Bc6
47. Bc4 Bb5 48. Bxb5 axb5 49. Rh2 Kh6 50. Rhf2 Kg5 51. Kg2 Re3 52. Rfe2 Rec3 53.
Kf2 R8c7 54. Kg2 R7c6 55. Kg3 Rc7 56. Rh2 Kh6 57. Rdf2 Re3 58. Kh4 d3 59. cxd3
Rxd3 60. f4 exf4 61. Rxf4 Rc6 62. Rb2 Rd1 63. Rbf2 Kg7 64. h6+ Kg6 65. e5 Rh1+
66. Kg3 fxe5 67. Rxb4 Rc5 68. Ra2 Rc3+ 69. Kg2 Rb1 70. Rxb5 Kxh6 71. b4 Kg5 72.
Rxe5+ Kxg4 73. Re4+ Kf5 74. Rh4 Rcb3 75. Ra5+ Kg6 76. Rb5 R1b2+ {Game drawn by
mutual agreement} 1/2-1/2

[Event "Team 45 45 League T92"]
[Site "Internet Chess Club"]
[Date "2022.05.05"]
[Round "4"]
[White "trogers41"]
[Black "tightfist"]
[Result "1/2-1/2"]
[WhiteElo "1339"]
[BlackElo "1443"]
[Opening "French: advance variation"]
[ECO "C02"]
[Time "14:02:19"]
[PlyCount "97"]
[TimeControl "2700+45"]

1. e4 e6 2. d4 d5 3. e5 c5 4. c3 Qb6 5. Nf3 Nc6 6. Be2 cxd4 7. cxd4 Bb4+ 8. Kf1
Qa5 9. a3 Nge7 10. Bd2 Bxd2 11. Nbxd2 O-O 12. b4 Qc7 13. Rc1 a6 14. g4 Ng6 15.
h4 Nf4 16. Ng1 Nxe2 17. Nxe2 Bd7 18. f4 f6 19. Nf3 Qb6 20. Kg2 Rac8 21. Qd2 Rc7
22. h5 Rfc8 23. g5 fxe5 24. fxe5 Ne7 25. Rxc7 Rxc7 26. Rc1 Nf5 27. Rxc7 Qxc7 28.
Nf4 Qc4 29. Qd3 Qa2+ 30. Kh3 Bb5 31. Qc3 Bf1+ 32. Kg4 Qc4 33. Qxc4 dxc4 34. Nxe6
Ne3+ 35. Kg3 c3 36. Ne1 Nd5 37. Kf2 Bc4 38. Nc5 b6 39. Ncd3 Bb3 40. Ke2 Bc4 41.
Kd1 Ne3+ 42. Kc1 Bb3 43. Nf4 Kf7 44. Ne2 Nd5 45. Nc2 Ke6 46. Ng3 Nf4 47. Ne4
Nd3+ 48. Kb1 Nf4 49. Nxc3 {Game drawn by mutual agreement} 1/2-1/2

[Event "Team 45 45 League T92"]
[Site "Internet Chess Club"]
[Date "2022.05.10"]
[Round "4"]
[White "kingphisch"]
[Black "CMAlge"]
[Result "1/2-1/2"]
[WhiteElo "1299"]
[BlackElo "1213"]
[Opening "Caro-Kann: Panov-Botvinnik attack"]
[ECO "B13"]
[Time "17:32:17"]
[PlyCount "73"]
[TimeControl "2700+45"]

1. e4 c6 2. d4 d5 3. exd5 cxd5 4. c4 Nf6 5. Nc3 Nc6 6. Bg5 dxc4 7. d5 Ne5 8. Qd4
h6 9. Bf4 Ng6 10. Bg3 e6 11. Bxc4 exd5 12. Bb5+ Bd7 13. Nf3 Bxb5 14. Nxb5 Qa5+
15. Nc3 Bc5 16. Qa4+ Qxa4 17. Nxa4 Bb4+ 18. Nc3 Ne4 19. Rc1 Rd8 20. O-O O-O 21.
Rfd1 Nxg3 22. hxg3 Bxc3 23. Rxc3 Rd7 24. Nd4 Rfd8 25. f4 Ne7 26. Rcd3 Nc6 27. a3
Nxd4 28. Rxd4 f5 29. Kf2 Kf7 30. Kf3 h5 31. R1d3 Rd6 32. Kf2 R8d7 33. Re3 Re6
34. Red3 Red6 35. Re3 Re6 36. Red3 Red6 37. Re3 {Game drawn by repetition}
1/2-1/2

[Event "Team 45 45 League T92"]
[Site "Internet Chess Club"]
[Date "2022.05.10"]
[Round "4"]
[White "primerpaso"]
[Black "Goli"]
[Result "0-1"]
[WhiteElo "1875"]
[BlackElo "1794"]
[Opening "English opening"]
[ECO "A16"]
[Time "14:04:29"]
[PlyCount "70"]
[TimeControl "2700+45"]

1. c4 Nf6 2. Nc3 g6 3. g3 Bg7 4. Bg2 O-O 5. e4 d6 6. Nge2 e5 7. O-O c6 8. d4
Nbd7 9. b3 Qc7 10. h3 a5 11. Ba3 Re8 12. Rc1 exd4 13. Nxd4 Nc5 14. Re1 Nh5 15.
Qd2 Qd8 16. Rcd1 Qf6 17. Nde2 Bf8 18. g4 Ng7 19. f4 Qh4 20. Nd4 Nge6 21. Nce2
Nxd4 22. Nxd4 h5 23. gxh5 Qxh5 24. Qe2 Qh4 25. Qf2 Qh5 26. Qg3 Nxe4 27. Bxe4
Rxe4 28. Rxe4 Qxd1+ 29. Kf2 d5 30. Re3 Qxd4 31. Bxf8 Kxf8 32. Qh4 Bf5 33. Qe7+
Kg8 34. cxd5 cxd5 35. Kg3 Be4 {White resigns} 0-1

[Event "Team 45 45 League T92"]
[Site "Internet Chess Club"]
[Date "2022.05.05"]
[Round "4"]
[White "cysk"]
[Black "Portola"]
[Result "0-1"]
[WhiteElo "1701"]
[BlackElo "1714"]
[Opening "French: advance, Euwe variation"]
[ECO "C02"]
[Time "19:14:03"]
[PlyCount "70"]
[TimeControl "2700+45"]

1. e4 e6 2. d4 d5 3. e5 c5 4. c3 Nc6 5. Nf3 Bd7 6. Be2 Qb6 7. O-O cxd4 8. cxd4
Nge7 9. Nc3 Nf5 10. Na4 Qd8 11. Bg5 Be7 12. Bxe7 Qxe7 13. Rc1 O-O 14. Nc5 Rab8
15. a3 Rfd8 16. b4 a6 17. Qd2 Na7 18. Qg5 Qxg5 19. Nxg5 Nxd4 20. Bh5 g6 21. Bd1
Bb5 22. Re1 b6 23. Nb3 Nxb3 24. Bxb3 Rbc8 25. Nf3 Bc4 26. Bd1 Nc6 27. Nd2 b5 28.
f4 Nd4 29. Kf2 Bd3 30. Rxc8 Rxc8 31. Ke3 Nc2+ 32. Bxc2 Bxc2 33. Rc1 Rc3+ 34. Kf2
d4 35. Nf3 d3 {White resigns} 0-1

[Event "Team 45 45 League T92"]
[Site "Internet Chess Club"]
[Date "2022.05.07"]
[Round "4"]
[White "LookImYourVader"]
[Black "MrAbendroth"]
[Result "0-1"]
[WhiteElo "1756"]
[BlackElo "1627"]
[Opening "Réti opening"]
[ECO "A05"]
[Time "15:01:22"]
[PlyCount "58"]
[TimeControl "2700+45"]

1. Nf3 Nf6 2. g3 e6 3. c4 c5 4. Bg2 Nc6 5. O-O Be7 6. d4 cxd4 7. Nxd4 O-O 8. Nc3
a6 9. Nxc6 bxc6 10. Bf4 d5 11. Qb3 Bd6 12. Bxd6 Qxd6 13. e4 Rb8 14. Qc2 d4 15.
Rad1 c5 16. f4 Qc7 17. e5 Ng4 18. Ne4 Ne3 19. Qe2 Bb7 20. Rf2 Bxe4 21. Bxe4 Nxd1
22. Qxd1 f6 23. exf6 Rxf6 24. Qh5 g6 25. Qg5 Rbf8 26. h4 Kh8 27. h5 gxh5 28. Rh2
Rxf4 29. Rxh5 Rxe4 {White resigns} 0-1

[Event "Team 45 45 League T92"]
[Site "Internet Chess Club"]
[Date "2022.05.09"]
[Round "4"]
[White "Redman1"]
[Black "Beetlejuice"]
[Result "1/2-1/2"]
[WhiteElo "1637"]
[BlackElo "1713"]
[Opening "Dutch defense"]
[ECO "A86"]
[Time "14:00:30"]
[PlyCount "120"]
[TimeControl "2700+45"]

1. d4 f5 2. g3 Nf6 3. Bg2 g6 4. c4 Bg7 5. Nc3 d6 6. d5 e5 7. dxe6 c6 8. Bf4 Bxe6
9. Bxd6 Bxc4 10. Nf3 Nd5 11. Be5 Bxe5 12. Nxe5 Nxc3 13. Qxd8+ Kxd8 14. Nxc4 Na4
15. Rb1 Nd7 16. O-O Nab6 17. Rbc1 Kc7 18. Na5 Rad8 19. b4 a6 20. Rfd1 Ne5 21.
Kf1 Rhe8 22. h3 Kb8 23. f4 Rxd1+ 24. Rxd1 Nec4 25. Nxc4 Nxc4 26. Re1 Ne3+ 27.
Kf2 Nxg2 28. Kxg2 Re4 29. a3 Re3 30. Ra1 Rxe2+ 31. Kf3 Re4 32. Rd1 Kc7 33. Rd3
Re7 34. g4 Rd7 35. Re3 Kd8 36. Rb3 Ke7 37. Ke3 Ke6 38. a4 fxg4 39. hxg4 h5 40.
gxh5 gxh5 41. b5 axb5 42. axb5 cxb5 43. Rxb5 Rh7 44. f5+ Kf6 45. Kf4 Rc7 46.
Rb6+ Rc6 47. Rxb7 Rc4+ 48. Kf3 Kxf5 49. Rb5+ Kg6 50. Rb6+ Kg5 51. Rb8 Kh4 52.
Rh8 Rc5 53. Kg2 Rg5+ 54. Kh2 Kg4 55. Kg2 Ra5 56. Kh2 Ra2+ 57. Kg1 h4 58. Rg8+
Kf3 59. Rf8+ Kg3 60. Rg8+ Kf3 {Game drawn by mutual agreement} 1/2-1/2

[Event "Team 45 45 League T92"]
[Site "Internet Chess Club"]
[Date "2022.05.08"]
[Round "4"]
[White "ChessG2011"]
[Black "LoseOften"]
[Result "0-1"]
[WhiteElo "1446"]
[BlackElo "1484"]
[Opening "Sicilian: Najdorf, Opocensky variation"]
[ECO "B92"]
[Time "12:00:38"]
[PlyCount "59"]
[TimeControl "2700+45"]

1. e4 c5 2. Nf3 d6 3. d4 cxd4 4. Nxd4 Nf6 5. Nc3 a6 6. Be2 e5 7. Nb3 Be6 8. Be3
b5 9. a3 Be7 10. O-O O-O 11. Qd2 Nbd7 12. Rad1 Nb6 13. f3 Nc4 14. Bxc4 bxc4 15.
Nc1 Rb8 16. Na4 Qd7 17. Qa5 Qc6 18. Ne2 Rb5 19. Qc3 d5 20. Qxe5 dxe4 21. fxe4
Rxe5 22. Nac3 Nxe4 23. Bf4 Nxc3 24. Nxc3 Rf5 25. Be3 Bc5 26. Bxc5 Qxc5+ 27. Kh1
Rxf1+ 28. Rxf1 Rd8 29. h3 Qc6 30. Re1 {White resigns} 0-1

[Event "Team 45 45 League T92"]
[Site "Internet Chess Club"]
[Date "2022.05.07"]
[Round "4"]
[White "WillC"]
[Black "oldsj"]
[Result "1-0"]
[WhiteElo "1567"]
[BlackElo "1460"]
[Opening "Queen's pawn game, Darooha variation "]
[ECO "D02"]
[Time "09:36:55"]
[PlyCount "61"]
[TimeControl "2700+45"]

1. d4 Nf6 2. Nf3 d5 3. b3 e6 4. Bb2 Be7 5. e3 O-O 6. Bd3 Nbd7 7. O-O c5 8. Nbd2
b6 9. c4 cxd4 10. exd4 Bb7 11. Rc1 Rc8 12. Qe2 Re8 13. Ne5 dxc4 14. Ndxc4 b5 15.
Ne3 a6 16. f4 Nd5 17. Bxh7+ Kxh7 18. Qh5+ Kg8 19. Qxf7+ Kh7 20. Rf3 Nxf4 21.
Rxf4 Nxe5 22. dxe5 Rxc1+ 23. Bxc1 Bg5 24. Qh5+ Kg8 25. Qf7+ Kh7 26. Rf1 Bxe3+
27. Bxe3 Qd5 28. Qh5+ Kg8 29. Qxe8+ Kh7 30. Qh5+ Kg8 31. Qg5 {Black resigns} 1-0

[Event "Team 45 45 League T92"]
[Site "Internet Chess Club"]
[Date "2022.05.07"]
[Round "4"]
[White "BrerRabbit"]
[Black "Visin"]
[Result "1-0"]
[WhiteElo "1394"]
[BlackElo "1268"]
[Opening "Queen's pawn game, Chigorin variation"]
[ECO "D02"]
[Time "15:00:39"]
[PlyCount "70"]
[TimeControl "2700+45"]

1. d4 d5 2. Nf3 Nc6 3. g3 Nf6 4. Bg2 h6 5. O-O Bf5 6. c4 dxc4 7. Nbd2 e6 8. Nxc4
Be7 9. b3 Bg6 10. Bb2 O-O 11. Rc1 Nd5 12. Nce5 Nxe5 13. Nxe5 Bh7 14. e4 Nf6 15.
Re1 c6 16. Nc4 Nd7 17. Ba3 Bxa3 18. Nxa3 Nb6 19. Nc4 Re8 20. Ne5 Nd7 21. Nc4 Nb6
22. Ne5 f6 23. Nc4 Nxc4 24. Rxc4 Kh8 25. Rc1 Bg8 26. Rc2 Qb6 27. Rce2 Rad8 28.
d5 cxd5 29. exd5 e5 30. Qc1 Bxd5 31. Bxd5 Rxd5 32. Rc2 Red8 33. Kg2 Rd2 34. Rxd2
Rxd2 35. Qxd2 Qxf2+ {Black resigns} 1-0

[Event "Team 45 45 League T92"]
[Site "Internet Chess Club"]
[Date "2022.05.06"]
[Round "4"]
[White "Pawnchain"]
[Black "jcule"]
[Result "0-1"]
[WhiteElo "1371"]
[BlackElo "1411"]
[Opening "Queen's bishop game"]
[ECO "D02"]
[Time "14:58:32"]
[PlyCount "64"]
[TimeControl "2700+45"]

1. d4 d5 2. Nf3 Nf6 3. Bf4 e6 4. Nbd2 c5 5. e3 Bd6 6. Bg3 O-O 7. c3 c4 8. Be2
Nc6 9. Bh4 Be7 10. Bg3 b5 11. Ne5 Nxe5 12. dxe5 Ne4 13. Nf3 f6 14. exf6 Bxf6 15.
O-O Nxg3 16. fxg3 Bb7 17. Nd4 Qb6 18. Bg4 e5 19. Nc2 a5 20. Qe2 Rae8 21. a3 d4
22. exd4 exd4 23. Rxf6 Qxf6 24. Qd2 dxc3 25. bxc3 Qb6+ 26. Nd4 Qg6 27. Bf3 Bxf3
28. Nxf3 Qf6 29. Qd5+ Kh8 30. Qxb5 Qxc3 31. Qb1 Rb8 32. Qe1 Qxe1+ {White
resigns} 0-1

[Event "Team 45 45 League T92"]
[Site "Internet Chess Club"]
[Date "2022.05.08"]
[Round "4"]
[White "stantheman59"]
[Black "PsyMar"]
[Result "0-1"]
[WhiteElo "1135"]
[BlackElo "1265"]
[Opening "French defense"]
[ECO "C00"]
[Time "13:22:24"]
[PlyCount "62"]
[TimeControl "2700+45"]

1. e4 e6 2. Nf3 d5 3. e5 c5 4. c3 Nc6 5. Bb5 Ne7 6. d4 Bd7 7. Na3 cxd4 8. cxd4
Nf5 9. O-O Qb6 10. Be2 Nfxd4 11. Nxd4 Nxd4 12. Be3 Bc5 13. Nc2 Nxe2+ 14. Qxe2
Bxe3 15. Qxe3 Qxe3 16. Nxe3 Rc8 17. Rfd1 Ke7 18. f4 h5 19. h4 Bc6 20. Rac1 f6
21. b4 fxe5 22. fxe5 Rcd8 23. Rd4 Rhg8 24. g4 g5 25. gxh5 gxh4+ 26. Kh2 Rg5 27.
Rxh4 Rxe5 28. h6 Rxe3 29. h7 Rh8 30. Rg1 Re2+ 31. Kh1 d4+ {White resigns} 0-1

[Event "Team 45 45 League T92"]
[Site "Internet Chess Club"]
[Date "2022.05.07"]
[Round "4"]
[White "Gojira"]
[Black "gduranko"]
[Result "1/2-1/2"]
[WhiteElo "1541"]
[BlackElo "1484"]
[Opening "Queen's pawn game"]
[ECO "D00"]
[Time "08:30:20"]
[PlyCount "96"]
[TimeControl "2700+45"]

1. d4 Nf6 2. Nc3 d5 3. Bf4 e6 4. Nb5 Bd6 5. Nxd6+ cxd6 6. Nf3 Nc6 7. e3 O-O 8.
c3 a6 9. Bd3 Re8 10. Bc2 Ne4 11. Qe2 b5 12. Nd2 e5 13. dxe5 dxe5 14. Bg3 Nf6 15.
h3 Bb7 16. Rd1 Qb6 17. O-O Rad8 18. Nf3 e4 19. Nd4 Nxd4 20. Rxd4 a5 21. a3 Rc8
22. Rfd1 Rc4 23. Bb3 Rxd4 24. Rxd4 Rc8 25. Qd2 Rd8 26. Bh4 Qe6 27. Bc2 Re8 28.
Bb3 Rd8 29. Ba2 h6 30. Bxf6 gxf6 31. Qe2 Bc6 32. Qh5 Kg7 33. Qh4 Qe5 34. Bb1 Re8
35. Bc2 Qg5 36. Qxg5+ fxg5 37. g4 Re5 38. Kg2 f5 39. Kg3 Kf6 40. Bd1 Re7 41. Bb3
Re5 42. Rd1 Kf7 43. Rd2 Kf6 44. Ba2 Kg6 45. Bb3 Kf6 46. Bd1 Bd7 47. Be2 Bc6 48.
Bf1 Kg6 {Game drawn by mutual agreement} 1/2-1/2

[Event "Team 45 45 League T92"]
[Site "Internet Chess Club"]
[Date "2022.05.07"]
[Round "4"]
[White "blind-warrior"]
[Black "seldredg"]
[Result "1/2-1/2"]
[WhiteElo "1117"]
[BlackElo "1265"]
[Opening "Queen's pawn, Mason variation"]
[ECO "D00"]
[Time "14:02:11"]
[PlyCount "66"]
[TimeControl "2700+45"]

1. d4 d5 2. Bf4 Bf5 3. e3 Nf6 4. h3 e6 5. Bd3 Bxd3 6. cxd3 Bb4+ 7. Nc3 Nc6 8. a3
Be7 9. Rc1 a6 10. Qf3 Bd6 11. Nge2 Bxf4 12. Nxf4 Qd7 13. Nh5 Nxh5 14. Qxh5 g6
15. Qh6 O-O-O 16. O-O e5 17. dxe5 Nxe5 18. d4 Nc6 19. Rfd1 f5 20. f3 Ne7 21. e4
Ng8 22. Qe3 fxe4 23. fxe4 Ne7 24. exd5 Nxd5 25. Nxd5 Qxd5 26. Qg3 Qd6 27. Qc3
Rd7 28. d5 Qb6+ 29. Kh2 Rhd8 30. Qe5 Qd6 31. Qxd6 Rxd6 32. Rc5 Kb8 33. Rdc1 Rc8
{Game drawn by mutual agreement} 1/2-1/2

[Event "Team 45 45 League T92"]
[Site "Internet Chess Club"]
[Date "2022.05.09"]
[Round "4"]
[White "Fulmar"]
[Black "OGO"]
[Result "0-1"]
[WhiteElo "1236"]
[BlackElo "1236"]
[Opening "Queen's pawn: English defense"]
[ECO "A40"]
[Time "15:06:41"]
[PlyCount "122"]
[TimeControl "2700+45"]

1. d4 b6 2. Nf3 Bb7 3. e3 Nf6 4. Bd3 e6 5. O-O Be7 6. Nbd2 O-O 7. b3 d6 8. Bb2
Nbd7 9. c4 d5 10. Ne5 Rc8 11. f4 dxc4 12. bxc4 Nxe5 13. fxe5 Nd7 14. Ne4 f6 15.
exf6 Nxf6 16. Nxf6+ Bxf6 17. Qg4 Qd6 18. Rad1 g6 19. h4 Rf7 20. Rf2 Rcf8 21.
Rdf1 Bg7 22. h5 Rxf2 23. Rxf2 Rxf2 24. Kxf2 Qf8+ 25. Kg1 Qf7 26. hxg6 hxg6 27.
Bxg6 Qe7 28. Qh3 c5 29. Qh7+ Kf8 30. Ba3 Qg5 31. Qh2 Qxe3+ 32. Kh1 Qe1+ 33. Qg1
Qxg1+ 34. Kxg1 Bxd4+ 35. Kh1 Kg7 36. Bd3 Kf6 37. Kh2 e5 38. g4 e4 39. Be2 Kg5
40. Kh3 a6 41. Bc1+ e3 42. Kg3 Bc6 43. Bf3 Bxf3 44. Kxf3 b5 45. cxb5 axb5 46.
Bxe3+ Bxe3 47. Kxe3 Kxg4 48. Ke4 c4 49. Kd4 Kf5 50. Kc3 Ke5 51. Kb4 Kd4 52. Ka3
Kd3 53. Kb2 Kd2 54. a4 c3+ 55. Kb1 c2+ 56. Ka2 c1=Q 57. Kb3 Qc4+ 58. Kb2 Qc3+
59. Kb1 Qb3+ 60. Ka1 Kc2 61. axb5 Qb2# {White checkmated} 0-1

[Event "Team 45 45 League T92"]
[Site "Internet Chess Club"]
[Date "2022.05.05"]
[Round "4"]
[White "tamky70"]
[Black "CMAlge"]
[Result "1-0"]
[WhiteElo "1279"]
[BlackElo "1209"]
[Opening "King's Indian: 3.g3"]
[ECO "E60"]
[Time "12:02:00"]
[PlyCount "39"]
[TimeControl "2700+45"]

1. d4 Nf6 2. c4 g6 3. g3 Bg7 4. Bg2 d6 5. Nf3 O-O 6. O-O Nbd7 7. Nbd2 e5 8. e3
Qe7 9. Nb3 c6 10. Nfd2 Kh8 11. Re1 Ng8 12. d5 c5 13. e4 f5 14. Nf3 Ndf6 15. exf5
Bxf5 16. Ng5 Rab8 17. Na5 Rfc8 18. h3 Bd7 19. f4 Qd8 20. Nf7# {Black checkmated}
1-0

[Event "Team 45 45 League T92"]
[Site "Internet Chess Club"]
[Date "2022.05.04"]
[Round "4"]
[White "mongmong"]
[Black "Portola"]
[Result "0-1"]
[WhiteElo "1544"]
[BlackElo "1697"]
[Opening "Queen's pawn game"]
[ECO "D04"]
[Time "18:09:36"]
[PlyCount "62"]
[TimeControl "2700+45"]

1. d4 d5 2. Nf3 Nf6 3. e3 Bf5 4. c4 e6 5. Qb3 Qc8 6. Bd2 c6 7. Nc3 h6 8. Rc1
Nbd7 9. cxd5 exd5 10. Ne5 Qb8 11. f4 Nxe5 12. fxe5 Ne4 13. Nxe4 Bxe4 14. Bb4 Qc8
15. Bxf8 Rxf8 16. Qc3 Qg4 17. Qd2 f6 18. Qe2 Qg6 19. exf6 Rxf6 20. h3 Qg3+ 21.
Kd1 Kf8 22. Qe1 Qg6 23. Rg1 Kg8 24. Be2 Raf8 25. Bf3 Qf7 26. Bxe4 dxe4 27. Kd2
Qxa2 28. Kc3 Rf2 29. Rc2 Qa5+ 30. Kb3 Qb5+ 31. Kc3 Qd3+ {White resigns} 0-1

[Event "Team 45 45 League T92"]
[Site "Internet Chess Club"]
[Date "2022.05.09"]
[Round "4"]
[White "rubo"]
[Black "julesraider"]
[Result "0-1"]
[WhiteElo "1469"]
[BlackElo "1593"]
[Opening "Queen's pawn: London system"]
[ECO "A45"]
[Time "16:00:25"]
[PlyCount "122"]
[TimeControl "2700+45"]

1. d4 Nf6 2. Bf4 d5 3. e3 c5 4. c3 Nc6 5. Nd2 Bf5 6. Qb3 Qc8 7. Bb5 a6 8. Bxc6+
Qxc6 9. Ngf3 c4 10. Qd1 e6 11. Ne5 Qc8 12. Ndf3 Be7 13. h3 O-O 14. O-O h6 15.
Bh2 b5 16. a3 Bh7 17. Qd2 Ne4 18. Qc1 a5 19. Nd2 b4 20. axb4 axb4 21. Rxa8 Qxa8
22. Nxe4 Bxe4 23. Qa1 b3 24. f3 Bc2 25. Nd7 Rd8 26. Nb6 Qa2 27. Bc7 Re8 28. Rc1
Bd8 29. Bxd8 Rxd8 30. Qxa2 bxa2 31. Ra1 Bb1 32. Kf2 Rb8 33. Na4 Kf8 34. Ke1 Ke7
35. Kd2 Kd6 36. Kc1 f6 37. f4 e5 38. fxe5+ fxe5 39. Nc5 Rf8 40. Rxb1 axb1=Q+ 41.
Kxb1 Rf1+ 42. Ka2 exd4 43. exd4 Rf2 44. Ka3 Rxg2 45. b4 cxb3 46. Kxb3 Rg3 47.
Kb4 Rxh3 48. Nb7+ Kc6 49. Nd8+ Kd7 50. Nf7 g5 51. c4 dxc4 52. Kxc4 Rh4 53. Kc5
Ke6 54. Ne5 Re4 55. Nc6 g4 56. Nd8+ Kd7 57. Nf7 h5 58. d5 g3 59. Ng5 Re3 60. Nh7
g2 61. Nf6+ Kd8 {White resigns} 0-1

[Event "Team 45 45 League T92"]
[Site "Internet Chess Club"]
[Date "2022.05.08"]
[Round "4"]
[White "olivermx"]
[Black "nosir"]
[Result "1-0"]
[WhiteElo "1315"]
[BlackElo "1337"]
[Opening "Pirc defense"]
[ECO "B07"]
[Time "11:00:29"]
[PlyCount "71"]
[TimeControl "2700+45"]

1. e4 d6 2. d4 Nf6 3. Nc3 Nbd7 4. f4 e5 5. Nf3 exd4 6. Qxd4 c5 7. Qd1 Be7 8. Bd3
a6 9. a4 Qc7 10. O-O b6 11. Bd2 O-O 12. Qe2 Bb7 13. h3 Rfe8 14. Qf2 c4 15. Be2
Nxe4 16. Nxe4 Bxe4 17. Rac1 Nc5 18. Bxc4 d5 19. Bb3 Bd6 20. g3 Qd7 21. Kh2 Nxa4
22. Bxa4 Qxa4 23. Qxb6 Qd7 24. Qd4 Qb5 25. c4 Qb3 26. Bc3 f6 27. cxd5 Bxf3 28.
Rxf3 Re2+ 29. Rf2 Rxf2+ 30. Qxf2 Qxd5 31. Qe2 Qb7 32. Qe6+ Kh8 33. Qxd6 Qb5 34.
Re1 Qf5 35. Qe6 Qg6 36. f5 {Black resigns} 1-0